IL
DURHAM BULLS @ NASHVILLE SOUNDS
09/12/2049
 
TOP OF THE 1ST
Durham Bulls batting - Pitching for Nashville Sounds : RHP Victor Sanchez
Pitching: RHP Victor Sanchez
Batting: RHB Sesto Carpini 0-0: Called Strike
0-1: Foul Ball, location: 2F
0-2: Ball
1-2: Foul Ball, location: 2F
1-2: Ball
2-2: Strikes out swinging
Batting: RHB Jose Arriola 0-0: Called Strike
0-1: Ball
1-1: Reached on error, E6 (Groundball, 6S, EV 88.1 MPH)
Batting: LHB Darryl Gonnella 0-0: Ball
1-0: Ball
2-0: Ball
3-0: Called Strike
3-1: Called Strike
3-2: Strikes out looking
Batting: LHB Davion Lewis 0-0: Ball
1-0: Ball
2-0: Foul Ball, location: 2F
2-1: Ball
3-1: Reached on error, E3 (Groundball, 34, EV 102.5 MPH)
Jose Arriola to third
Batting: RHB Chris Thorson 0-0: Ball
1-0: Ground out U3 (Groundball, 3S, EV 68.8 MPH)
Top of the 1st over - 0 runs, 0 hits, 2 errors, 2 left on base; Durham 0 - Nashville 0
BOTTOM OF THE 1ST
Nashville Sounds batting - Pitching for Durham Bulls : RHP Dave Navarro
Pitching: RHP Dave Navarro
Batting: SHB Robert Santiago 0-0: Foul Ball, location: 2F
0-1: Foul Ball, location: 2F
0-2: Foul Ball, location: 2F
0-2: Ball
1-2: Strikes out looking
Batting: LHB Tomas Segarra 0-0: Ball
1-0: Called Strike
1-1: Called Strike
1-2: Fly out, F5 (Popup, 5S, EV 82.5 MPH)
Batting: RHB David Herrera 0-0: Called Strike
0-1: Ball
1-1: Ball
2-1: Ball
3-1: SINGLE (Line Drive, 56D, EV 104.4 MPH)
Batting: LHB Al Hernandez 0-0: Ball
1-0: Ball
2-0: Ball
3-0: Swinging Strike
3-1: Called Strike
3-2: Strikes out swinging
Bottom of the 1st over - 0 runs, 1 hit, 0 errors, 1 left on base; Durham 0 - Nashville 0
TOP OF THE 2ND
Durham Bulls batting - Pitching for Nashville Sounds : RHP Victor Sanchez
Batting: RHB Kevin Benfield 0-0: Ball
1-0: SINGLE (Groundball, 6MD, EV 106.9 MPH)
Batting: SHB Julio Hernandez 0-0: Ball
1-0: Fielders Choice at 2nd, 4-6 (Groundball, 4, EV 87.5 MPH)
Batting: RHB Roberto Aispuro 0-0: Ball
Julio Hernandez is caught stealing 2nd base 2-4
1-0: Ball
2-0: DOUBLE (Line Drive, 89M, EV 109.4 MPH)
Batting: LHB Danny Hull 0-0: DOUBLE (Groundball, 5L, EV 103.8 MPH)
Roberto Aispuro scores
Batting: RHB Sesto Carpini 0-0: Swinging Strike
0-1: Ball
1-1: Called Strike
1-2: Ground out 3-1 (Groundball, 34S, EV 75.0 MPH)
Top of the 2nd over - 1 run, 3 hits, 0 errors, 1 left on base; Durham 1 - Nashville 0
BOTTOM OF THE 2ND
Nashville Sounds batting - Pitching for Durham Bulls : RHP Dave Navarro
Batting: LHB Gregg Power 0-0: Swinging Strike
0-1: Ball
1-1: Ball
2-1: Fly out, F8 (Flyball, 8RM, EV 88.8 MPH)
Batting: LHB Zachary DeLuca 0-0: Ball
1-0: Swinging Strike
1-1: Swinging Strike
1-2: Ball
2-2: Ball
3-2: Base on Balls
Batting: RHB Wade Diamond 0-0: Swinging Strike
0-1: Ball
1-1: Called Strike
1-2: Ground out 4-3 (Groundball, 13, EV 88.8 MPH)
Zachary DeLuca to second
Batting: RHB Yonetoshi Muranaka 0-0: Ball
1-0: Fly out, F7 (Flyball, 7S, EV 84.4 MPH)
Bottom of the 2nd over - 0 runs, 0 hits, 0 errors, 1 left on base; Durham 1 - Nashville 0
TOP OF THE 3RD
Durham Bulls batting - Pitching for Nashville Sounds : RHP Victor Sanchez
Batting: RHB Jose Arriola 0-0: Called Strike
0-1: Swinging Strike
0-2: Ball
1-2: Ball
2-2: Ball
3-2: Strikes out swinging
Batting: LHB Darryl Gonnella 0-0: Called Strike
0-1: Ball
1-1: Ball
2-1: Ball
3-1: Base on Balls
Batting: LHB Davion Lewis 0-0: Ball
Darryl Gonnella steals 2nd base
1-0: Ball
2-0: Swinging Strike
2-1: Ball
3-1: Swinging Strike
3-2: Strikes out swinging
Batting: RHB Chris Thorson 0-0: Called Strike
0-1: Ball
1-1: Ground out U3 (Groundball, 13, EV 88.8 MPH)
Top of the 3rd over - 0 runs, 0 hits, 0 errors, 1 left on base; Durham 1 - Nashville 0
BOTTOM OF THE 3RD
Nashville Sounds batting - Pitching for Durham Bulls : RHP Dave Navarro
Batting: RHB Tony Crespo 0-0: Ball
1-0: Foul Ball, location: 2F
1-1: Swinging Strike
1-2: SINGLE (Groundball, 5S, EV 63.8 MPH) (infield hit)
Batting: SHB Robert Santiago 0-0: Called Strike
Tony Crespo steals 2nd base (no throw)
0-1: Ground out 4-3 (Groundball, 4MS, EV 83.1 MPH)
Tony Crespo to third
Batting: LHB Tomas Segarra 0-0: Ball
1-0: Ball
2-0: Ball
3-0: Called Strike
3-1: Foul Ball, location: 2F
3-2: Ground out 6-3 (Groundball, 6M, EV 101.2 MPH)
Tony Crespo scores
Batting: RHB David Herrera 0-0: Called Strike
0-1: Ball
1-1: Ground out 6-3 (Groundball, 56, EV 106.9 MPH)
Bottom of the 3rd over - 1 run, 1 hit, 0 errors, 0 left on base; Durham 1 - Nashville 1
TOP OF THE 4TH
Durham Bulls batting - Pitching for Nashville Sounds : RHP Victor Sanchez
Batting: RHB Kevin Benfield 0-0: Foul Ball, location: 2F
0-1: Called Strike
0-2: Ground out 1-3 (Groundball, 34S, EV 62.5 MPH)
Batting: SHB Julio Hernandez 0-0: Swinging Strike
0-1: Foul Ball, location: 2F
0-2: SINGLE (Line Drive, 56D, EV 96.2 MPH)
Batting: RHB Roberto Aispuro 0-0: Ball
1-0: Foul Ball, location: 2F
1-1: Foul Ball, location: 2F
1-2: TRIPLE (Line Drive, 9D, EV 109.4 MPH)
Julio Hernandez scores
Batting: LHB Danny Hull 0-0: Ball
1-0: Ground out 4-3 (Groundball, 4, EV 103.1 MPH)
Roberto Aispuro scores
Batting: RHB Sesto Carpini 0-0: Ball
1-0: Ball
2-0: Fly out, F8 (Flyball, 8LXD, EV 103.1 MPH)
Top of the 4th over - 2 runs, 2 hits, 0 errors, 0 left on base; Durham 3 - Nashville 1
BOTTOM OF THE 4TH
Nashville Sounds batting - Pitching for Durham Bulls : RHP Dave Navarro
Batting: LHB Al Hernandez 0-0: Called Strike
0-1: Ground out 6-3 (Groundball, 6MD, EV 80.0 MPH)
Batting: LHB Gregg Power 0-0: Called Strike
0-1: Called Strike
0-2: Strikes out swinging
Batting: LHB Zachary DeLuca 0-0: SINGLE (Line Drive, 6MD, EV 99.4 MPH)
Batting: RHB Wade Diamond 0-0: Ball
1-0: Ball
2-0: Called Strike
2-1: SINGLE (Line Drive, 6MD, EV 95.0 MPH)
Zachary DeLuca to second
Runner from 2nd tries for 3rd, SAFE, throw by CF made to third
Batting: RHB Yonetoshi Muranaka 0-0: Fielders Choice at 2nd, 5-4 (Groundball, 56, EV 90.0 MPH)
Bottom of the 4th over - 0 runs, 2 hits, 0 errors, 2 left on base; Durham 3 - Nashville 1
TOP OF THE 5TH
Durham Bulls batting - Pitching for Nashville Sounds : RHP Victor Sanchez
Batting: RHB Jose Arriola 0-0: Ball
1-0: Ball
2-0: Called Strike
2-1: Ground out 5-3 (Groundball, 56S, EV 86.2 MPH)
Batting: LHB Darryl Gonnella 0-0: Ball
1-0: Ball
2-0: Called Strike
2-1: Ball
3-1: Base on Balls
Batting: LHB Davion Lewis 0-0: Ball
Darryl Gonnella steals 2nd base
1-0: Ball
2-0: Called Strike
2-1: Ground out 4-3 (Groundball, 4, EV 89.4 MPH)
Darryl Gonnella to third
Pitching: RHP Jesus Gonzales
Batting: RHB Chris Thorson 0-0: Ball
1-0: Called Strike
1-1: Foul Ball, location: 2F
1-2: Foul Ball, location: 2F
1-2: Strikes out swinging
Top of the 5th over - 0 runs, 0 hits, 0 errors, 1 left on base; Durham 3 - Nashville 1
BOTTOM OF THE 5TH
Nashville Sounds batting - Pitching for Durham Bulls : RHP Dave Navarro
Batting: RHB Tony Crespo 0-0: Ball
1-0: SINGLE (Groundball, 56S, EV 76.9 MPH) (infield hit)
Batting: SHB Robert Santiago 0-0: Called Strike
0-1: Ball
1-1: Ball
2-1: Swinging Strike
2-2: Fly out, F7 (Line Drive, 7LM, EV 110.6 MPH)
Batting: LHB Tomas Segarra 0-0: SINGLE (Line Drive, 9LS, EV 105.6 MPH)
Tony Crespo to second
Batting: RHB David Herrera 0-0: Ball
1-0: Foul Ball, location: 2F
1-1: Ball
2-1: Foul Ball, location: 2F
2-2: Ball
3-2: SINGLE (Line Drive, 3D, EV 103.8 MPH)
Tony Crespo to third
Tomas Segarra to second
Runner from 3rd tries for Home, throw by RF and OUT! 9-2
Batting: LHB Al Hernandez 0-0: Called Strike
0-1: Swinging Strike
0-2: Ball
1-2: Ball
2-2: Reached on error, E4 (Groundball, 4, EV 101.2 MPH)
Tomas Segarra to third
David Herrera to second
Batting: LHB Gregg Power 0-0: Ball
1-0: Called Strike
1-1: Ball
2-1: Foul Ball, location: 2F
2-2: Foul Ball, location: 2F
2-2: Fly out, F6 (Popup, 6MD, EV 61.2 MPH)
Bottom of the 5th over - 0 runs, 3 hits, 1 error, 3 left on base; Durham 3 - Nashville 1
TOP OF THE 6TH
Durham Bulls batting - Pitching for Nashville Sounds : RHP Jesus Gonzales
Batting: RHB Kevin Benfield 0-0: Fly out, F5 (Flyball, 5D, EV 83.1 MPH)
Batting: SHB Julio Hernandez 0-0: Ball
1-0: Ball
2-0: Ball
3-0: Base on Balls
Batting: RHB Roberto Aispuro 0-0: Ball
Julio Hernandez steals 2nd base
1-0: Called Strike
1-1: Called Strike
1-2: Foul Ball, location: 2F
1-2: Strikes out looking
Batting: LHB Danny Hull 0-0: Called Strike
0-1: Foul Ball, location: 2F
0-2: Ball
1-2: Strikes out looking
Top of the 6th over - 0 runs, 0 hits, 0 errors, 1 left on base; Durham 3 - Nashville 1
BOTTOM OF THE 6TH
Nashville Sounds batting - Pitching for Durham Bulls : RHP Dave Navarro
Batting: LHB Zachary DeLuca 0-0: Ball
1-0: Ball
2-0: Ball
3-0: Base on Balls
Batting: RHB Wade Diamond 0-0: Bunted foul
0-1: Ball
1-1: Sac Bunt to 3S - play at first, batter OUT! 3-1
Zachary DeLuca to second
Batting: RHB Yonetoshi Muranaka 0-0: Foul Ball, location: 2F
0-1: Ball
1-1: Ball
2-1: Foul Ball, location: 2F
2-2: Strikes out looking
Batting: RHB Tony Crespo 0-0: Ground out 6-3 (Groundball, 6S, EV 86.9 MPH)
Bottom of the 6th over - 0 runs, 0 hits, 0 errors, 1 left on base; Durham 3 - Nashville 1
TOP OF THE 7TH
Durham Bulls batting - Pitching for Nashville Sounds : RHP Jesus Gonzales
Batting: RHB Sesto Carpini 0-0: Foul Ball, location: 2F
0-1: Reached on error, E6 (Groundball, 6, EV 86.2 MPH)
Batting: RHB Jose Arriola 0-0: Ball
1-0: Called Strike
1-1: Fly out, F8 (Flyball, 89M, EV 86.2 MPH)
Batting: LHB Darryl Gonnella 0-0: Called Strike
0-1: Called Strike
0-2: Foul Ball, location: 2F
0-2: DOUBLE (Line Drive, 89D, EV 107.5 MPH)
Sesto Carpini scores
Batting: LHB Davion Lewis 0-0: Ball
1-0: Fly out, F8 (Line Drive, 8RD, EV 95.6 MPH)
Batting: RHB Chris Thorson 0-0: Ball
1-0: Fly out, F9 (Flyball, 9D, EV 100.0 MPH)
Top of the 7th over - 1 run, 1 hit, 1 error, 1 left on base; Durham 4 - Nashville 1
BOTTOM OF THE 7TH
Nashville Sounds batting - Pitching for Durham Bulls : RHP Dave Navarro
Batting: SHB Robert Santiago 0-0: Ball
1-0: Ball
2-0: Called Strike
2-1: Foul Ball, location: 2F
2-2: DOUBLE (Groundball, 3D, EV 97.5 MPH)
Pitching: RHP Al Speer
Batting: LHB Tomas Segarra 0-0: Called Strike
0-1: Foul Ball, location: 2F
0-2: Strikes out swinging
Batting: RHB David Herrera 0-0: Ball
1-0: Ball
2-0: Called Strike
2-1: Ball
3-1: Called Strike
3-2: Strikes out swinging
Batting: LHB Al Hernandez 0-0: Called Strike
0-1: Ball
1-1: Foul Ball, location: 2F
1-2: Strikes out swinging
Bottom of the 7th over - 0 runs, 1 hit, 0 errors, 1 left on base; Durham 4 - Nashville 1
TOP OF THE 8TH
Durham Bulls batting - Pitching for Nashville Sounds : RHP Jesus Gonzales
Batting: RHB Kevin Benfield 0-0: Ball
1-0: Ball
2-0: Ball
3-0: Called Strike
3-1: Called Strike
3-2: Base on Balls
Batting: SHB Julio Hernandez 0-0: Bunted foul
0-1: Ball
1-1: Bunted foul
1-2: Strikes out looking
Batting: RHB Roberto Aispuro 0-0: Foul Ball, location: 2F
0-1: Ball
1-1: Fielders Choice at 2nd, 4-6 (Groundball, 4, EV 102.5 MPH)
Batting: LHB Danny Hull 0-0: Swinging Strike
0-1: Foul Ball, location: 2F
0-2: Strikes out swinging
Top of the 8th over - 0 runs, 0 hits, 0 errors, 1 left on base; Durham 4 - Nashville 1
BOTTOM OF THE 8TH
Nashville Sounds batting - Pitching for Durham Bulls : RHP Al Speer
Now at 1B: Davion Lewis
Now in LF: Darryl Gonnella
Now in RF: Antonio Pacheco
Batting: LHB Gregg Power 0-0: Ground out 1-3 (Groundball, P, EV 70.6 MPH)
Batting: LHB Zachary DeLuca 0-0: Ball
1-0: Ground out 4-3 (Groundball, 34, EV 106.2 MPH)
Batting: RHB Wade Diamond 0-0: Called Strike
0-1: Ball
1-1: Swinging Strike
1-2: Foul Ball, location: 2F
1-2: Ball
2-2: Strikes out swinging
Bottom of the 8th over - 0 runs, 0 hits, 0 errors, 0 left on base; Durham 4 - Nashville 1
TOP OF THE 9TH
Durham Bulls batting - Pitching for Nashville Sounds : RHP Jesus Gonzales
Pitching: RHP Ricky Lopez
Batting: RHB Sesto Carpini 0-0: Called Strike
0-1: Ball
1-1: Ball
2-1: Foul Ball, location: 2F
2-2: SINGLE (Groundball, 56S, EV 66.2 MPH) (infield hit)
Batting: RHB Jose Arriola 0-0: Bunted foul
0-1: Ball
1-1: Sac Bunt to 15 - play at first, batter OUT! 1-3
Sesto Carpini to second
Batting: LHB Darryl Gonnella 0-0: Intentional Walk
Batting: LHB Davion Lewis 0-0: Ball
1-0: Called Strike
1-1: Fielders Choice at 2nd, 4-6 (Groundball, 4D, EV 103.8 MPH)
Sesto Carpini to third
Batting: RHB Chris Thorson 0-0: Ball
1-0: Called Strike
1-1: Swinging Strike
1-2: Foul Ball, location: 2F
1-2: Strikes out looking
Top of the 9th over - 0 runs, 1 hit, 0 errors, 2 left on base; Durham 4 - Nashville 1
BOTTOM OF THE 9TH
Nashville Sounds batting - Pitching for Durham Bulls : RHP Al Speer
Pitching: RHP Cody Wilharm
Batting: RHB Yonetoshi Muranaka 0-0: Ball
1-0: Ball
2-0: Called Strike
2-1: SINGLE (Groundball, 6MD, EV 95.0 MPH)
Pinch Hitting: LHB Ben Goldstein 0-0: Called Strike
0-1: Fly out, F8 (Flyball, 8RD, EV 94.4 MPH)
Batting: SHB Robert Santiago 0-0: Called Strike
0-1: Ball
1-1: Ball
2-1: Swinging Strike
2-2: Ball
3-2: Grounds into double play, 6-4-3 (Groundball, 6M, EV 87.5 MPH)
Bottom of the 9th over - 0 runs, 1 hit, 0 errors, 0 left on base; Durham 4 - Nashville 1
Sunday, July 16th , 2023 - OOTP Baseball 24.6 Build 69